Calgary Flames vs Colorado Avalanche

Created - samedi 13 octobre 2018 at 23:26

Goals
1 2 3 T
Calgary Flames 0 2 0 2
Colorado Avalanche 0 1 0 1
Shots
1 2 3 T
Calgary Flames 6 20 8 34
Colorado Avalanche 1 20 25 46

1st period

No Goal

Penalties :
Nikita Zadorov (COL) for Roughing (Minor) at 4:15, Zach Bogosian (COL) for Hooking (Minor) at 9:01, Mark Barberio (COL) for Interference (Minor) at 18:53

2nd period

1. Colorado Avalanche , Jesse Puljujarvi 1 (Tyson Barrie 2, Dominic Moore 3) at 4:50
2. Calgary Flames , Johnny Gaudreau 2 (Sean Monahan 6) at 7:17
3. Calgary Flames , Sean Monahan 1 (Johnny Gaudreau 5, Reilly Smith 1) at 11:50

Penalties :
Jesse Puljujarvi (COL) for Holding (Minor) at 7:39, Zach Bogosian (COL) for Tripping (Minor) at 17:05

3rd period

No Goal

Penalties :
Jaromir Jagr (COL) for Goalie Interference (Minor) at 0:39

Goalie Stats

Mike Smith (CGY), 45 saves from 46 shots - (0.978), W, 3-2-0, 60:00 minutes
Semyon Varlamov (COL), 32 saves from 34 shots - (0.941), L, 1-4-0, 59:00 minutes

Players Stats for Calgary Flames

Player Name              G  A  P  +/- PIM S  H  SB GA TA FO     MP     PP MP  PK MP  
------------------------------------------------------------------------------------
Adam Pelech              0  0  0  -1  0   0  0  1  0  0  0/0    15:15   0:00   0:00 
Alex Chiasson            0  0  0   0  0   2  0  1  0  0  0/0    10:16   0:21   0:00 
Colin Miller             0  0  0   2  0   1  1  0  0  0  0/0    21:01   5:45   0:00 
Danton Heinen            0  0  0   0  0   7  1  0  0  1  1/1    17:51   5:26   0:00 
Erik Haula               0  0  0   0  0   3  3  0  0  0  12/22  18:45   5:41   0:00 
Jake Gardiner            0  0  0  -1  0   0  0  0  0  1  0/0    20:58   5:45   0:00 
Johnny Gaudreau          1  1  2   1  0   3  3  1  2  0  0/2    24:47   6:07   0:00 
Kevin Bieksa             0  0  0   0  0   0  0  0  0  0  0/0     0:18   0:00   0:00 
Mark Giordano            0  0  0   0  0   1  1  1  1  1  0/0    23:44   6:09   0:00 
Michael Frolik           0  0  0   0  0   3  0  0  1  0  1/1    15:11   0:21   0:00 
Michael Stone            0  0  0   2  0   0  0  1  0  1  0/0    15:00   0:00   0:00 
Micheal Ferland          0  0  0   0  0   1  2  0  0  0  0/0    18:53   5:26   0:00 
Paul Byron               0  0  0   0  0   3  0  0  1  0  0/0    13:37   0:06   0:00 
Radek Faksa              0  0  0   0  0   0  3  0  1  0  5/13   14:09   0:00   0:00 
Reilly Smith             0  1  1   1  0   2  1  0  0  0  0/0    18:35   6:07   0:00 
Sam Bennett              0  0  0   0  0   0  1  0  0  0  10/12   8:51   0:00   0:00 
Sean Monahan             1  1  2   1  0   6  0  1  1  0  10/21  19:05   6:07   0:00 
TJ Brodie                0  0  0   0  0   2  0  0  0  2  0/0    23:44   6:09   0:00 

Players Stats for Colorado Avalanche

Player Name              G  A  P  +/- PIM S  H  SB GA TA FO     MP     PP MP  PK MP  
------------------------------------------------------------------------------------
Alexander Kerfoot        0  0  0   0  0   2  0  1  0  0  0/0    11:19   0:00   0:00 
Brayden Point            0  0  0   0  0   2  2  0  0  1  2/3    18:23   0:00   6:04 
Dominic Moore            0  1  1  -1  0   1  1  0  1  1  14/25  17:51   0:00   5:35 
Dougie Hamilton          0  0  0  -2  0   0  0  3  0  0  0/0    20:27   0:00   2:54 
Gabriel Landeskog        0  0  0   0  0   3  3  0  0  1  1/1    18:26   0:00   6:07 
Gustav Nyquist           0  0  0   0  0   2  1  0  0  0  0/0    12:27   0:00   0:18 
Jaromir Jagr             0  0  0  -1  2   2  1  0  2  0  0/1    11:42   0:00   0:00 
Jason Spezza             0  0  0   0  0   1  0  0  0  0  6/15   11:55   0:00   0:07 
Jesse Puljujarvi         1  0  1  -1  2   3  1  0  0  1  0/0    11:50   0:00   0:00 
Lars Eller               0  0  0   0  0   3  4  0  1  0  0/1    17:41   0:00   5:35 
Mark Barberio            0  0  0   1  2   1  2  0  0  0  0/0    20:34   0:00   5:14 
Matt Duchene             0  0  0   0  0   3  0  1  0  0  5/11   11:19   0:00   0:00 
Nathan MacKinnon         0  0  0   0  0   8  0  0  1  0  5/15   12:17   0:00   0:00 
Nick Holden              0  0  0   0  0   3  0  0  0  1  0/0    20:44   0:00   5:40 
Nikita Zadorov           0  0  0  -2  2   1  1  1  0  1  0/0    21:40   0:00   4:51 
Sven Andrighetto         0  0  0   0  0   7  1  0  1  0  0/0    12:40   0:00   0:22 
Tyson Barrie             0  1  1   1  0   3  0  0  0  0  0/0    16:29   0:00   0:23 
Zach Bogosian            0  0  0   0  4   1  2  1  0  1  0/0    20:16   0:00   4:26 

3 Stars

1 - Mike Smith (CGY)
2 - Johnny Gaudreau (CGY)
3 - Sean Monahan (CGY)

Power Play

Calgary Flames - 0 on 6 Attempt(s) - 0.00%
Colorado Avalanche - 0 on 0 Attempt(s) - 0.00%

Penalty Kill

Calgary Flames - 0 on 0 Attempt(s) - 0.00% - Score 0 goal in Penalty Kill
Colorado Avalanche - 6 on 6 Attempt(s) - 100.00% - Score 0 goal in Penalty Kill

Team Stat

Calgary Flames - Hits : 16 - Faceoff Wins : 39 - Blocked Shots : 6 - Penalty Minutes : 0
Colorado Avalanche - Hits : 19 - Faceoff Wins : 33 - Blocked Shots : 7 - Penalty Minutes : 12

Official

Referees : Gord Dwyer and TJ Luxmore
Linesman : Michel Cormier and Ryan Daisy

Game Notes

No Game Note

Finance

Level 1 -- Attendance: 10000 (100.00%) -- Ticket Income fr. 800'000
Level 2 -- Attendance: 1834 (91.70%) -- Ticket Income fr. 119'210
Level 3 -- Attendance: 2604 (74.40%) -- Ticket Income fr. 91'140
Level 4 -- Attendance: 1450 (100.00%) -- Ticket Income fr. 29'000
Luxury Box -- Attendance: 45 (90.00%) -- Ticket Income fr. 9'000
Game was played at the Pepsi Center.
Total Attendance: 15933 (93.72%)
Total Ticket Income: fr. 1'048'350
Total Income: fr. 1'048'350

Calgary Flames

5 vs 5 Forward 
   Center                   Left Wing                Right Wing               Time % Phy DF OF 
 1 Sean Monahan             Johnny Gaudreau          Reilly Smith             28     0   2  3  
 2 Erik Haula               Paul Byron               Michael Frolik           24     0   3  2  
 3 Radek Faksa              Micheal Ferland          Danton Heinen            24     0   3  2  
 4 Sam Bennett              Alex Chiasson            Johnny Gaudreau          24     0   3  2  

5 vs 5 Defense 
   Defense                  Defense                                           Time % Phy DF OF 
 1 Mark Giordano            TJ Brodie                                         35     0   3  2  
 2 Jake Gardiner            Adam Pelech                                       33     0   3  2  
 3 Colin Miller             Michael Stone                                     32     0   4  1  
 4 Mark Giordano            TJ Brodie                                         0      0   3  2  

PowerPlay Forward 
   Center                   Left Wing                Right Wing               Time % Phy DF OF 
 1 Sean Monahan             Johnny Gaudreau          Reilly Smith             50     0   0  5  
 2 Erik Haula               Danton Heinen            Micheal Ferland          50     0   0  5  

PowerPlay Defense
   Defense                  Defense                                           Time % Phy DF OF 
 1 Mark Giordano            TJ Brodie                                         48     0   1  4  
 2 Jake Gardiner            Colin Miller                                      52     0   1  4  

Penalty Kill 4 Players Forward 
   Center                   Wing                     Time % Phy DF OF 
 1 Radek Faksa              Michael Frolik           50     1   2  2  
 2 Paul Byron               Alex Chiasson            50     1   2  2  

Penalty Kill 4 Players Defense
   Defense                  Defense                  Time % Phy DF OF 
 1 Mark Giordano            TJ Brodie                48     1   3  1  
 2 Adam Pelech              Michael Stone            52     1   3  1  

Penalty Kill - 3 Players Forward 
   Forward                                           Time % Phy DF OF 
 1 Radek Faksa                                       50     1   2  2  
 2 Michael Frolik                                    50     1   2  2  

Penalty Kill - 3 Players Defense
   Defense                  Defense                  Time % Phy DF OF 
 1 Mark Giordano            TJ Brodie                48     1   3  1  
 2 Adam Pelech              Michael Stone            52     1   3  1  

4 vs 4 Forward 
   Center                   Wing                     Time % Phy DF OF 
 1 Sean Monahan             Johnny Gaudreau          48     0   2  3  
 2 Erik Haula               Reilly Smith             52     0   2  3  

4 vs 4 Defense
   Defense                  Defense                  Time % Phy DF OF 
 1 Mark Giordano            TJ Brodie                48     0   3  2  
 2 Jake Gardiner            Adam Pelech              52     0   3  2  

Last Minutes Offensive
   Center                   Left Wing                Right Wing               Defense                  Defense                  
   Sean Monahan             Johnny Gaudreau          Reilly Smith             Mark Giordano            Jake Gardiner            

Last Minutes Defensive
   Center                   Left Wing                Right Wing               Defense                  Defense                  
   Radek Faksa              Paul Byron               Michael Frolik           Mark Giordano            TJ Brodie                

Goaltenders
Starting : Mike Smith               
Backup : Chad Johnson             

Extra Forwards
Normal : Sean Monahan, Erik Haula, Micheal Ferland - PP : Sean Monahan, Erik Haula - PK : Radek Faksa
Extra Defensemen
Normal : Mark Giordano, Jake Gardiner, Colin Miller - PP : Jake Gardiner - PK : Mark Giordano, Adam Pelech
Penalty Shots
Johnny Gaudreau, Sean Monahan, Reilly Smith, Erik Haula, Radek Faksa
Custom OT Lines Forwards
Sean Monahan, Johnny Gaudreau, Erik Haula, Reilly Smith, Radek Faksa, Paul Byron, Michael Frolik, Danton Heinen, Micheal Ferland, Sam Bennett
Custom OT Lines Defensemen
Mark Giordano, TJ Brodie, Jake Gardiner, Adam Pelech, Colin Miller

Scratches
Josh Anderson (Abdominal Strain Injury), Logan Shaw (Healthy), Ryan Murphy (Healthy), Jaycob Megna (Healthy), Carter Rowney (Healthy)
David Rittich (Healthy)

Colorado Avalanche

5 vs 5 Forward 
   Center                   Left Wing                Right Wing               Time % Phy DF OF 
 1 Nathan MacKinnon         Gabriel Landeskog        Brayden Point            25     0   2  3  
 2 Matt Duchene             Alexander Kerfoot        Gustav Nyquist           25     1   2  2  
 3 Jason Spezza             Sven Andrighetto         Lars Eller               25     0   3  2  
 4 Dominic Moore            Jesse Puljujarvi         Jaromir Jagr             25     0   3  2  

5 vs 5 Defense 
   Defense                  Defense                                           Time % Phy DF OF 
 1 Nikita Zadorov           Dougie Hamilton                                   33     0   3  2  
 2 Mark Barberio            Tyson Barrie                                      33     0   4  1  
 3 Nick Holden              Zach Bogosian                                     33     0   4  1  
 4 Nikita Zadorov           Dougie Hamilton                                   1      0   4  1  

PowerPlay Forward 
   Center                   Left Wing                Right Wing               Time % Phy DF OF 
 1 Nathan MacKinnon         Gabriel Landeskog        Brayden Point            50     0   0  5  
 2 Matt Duchene             Alexander Kerfoot        Gustav Nyquist           50     0   0  5  

PowerPlay Defense
   Defense                  Defense                                           Time % Phy DF OF 
 1 Dougie Hamilton          Tyson Barrie                                      50     0   1  4  
 2 Mark Barberio            Nick Holden                                       50     0   1  4  

Penalty Kill 4 Players Forward 
   Center                   Wing                     Time % Phy DF OF 
 1 Dominic Moore            Lars Eller               50     0   4  1  
 2 Brayden Point            Gabriel Landeskog        50     0   4  1  

Penalty Kill 4 Players Defense
   Defense                  Defense                  Time % Phy DF OF 
 1 Nikita Zadorov           Mark Barberio            50     0   5  0  
 2 Nick Holden              Zach Bogosian            50     0   5  0  

Penalty Kill - 3 Players Forward 
   Forward                                           Time % Phy DF OF 
 1 Lars Eller                                        50     0   4  1  
 2 Dominic Moore                                     50     0   4  1  

Penalty Kill - 3 Players Defense
   Defense                  Defense                  Time % Phy DF OF 
 1 Nikita Zadorov           Mark Barberio            50     0   5  0  
 2 Nick Holden              Zach Bogosian            50     0   5  0  

4 vs 4 Forward 
   Center                   Wing                     Time % Phy DF OF 
 1 Nathan MacKinnon         Gabriel Landeskog        50     0   0  5  
 2 Brayden Point            Matt Duchene             50     0   0  5  

4 vs 4 Defense
   Defense                  Defense                  Time % Phy DF OF 
 1 Nikita Zadorov           Tyson Barrie             50     0   4  1  
 2 Dougie Hamilton          Nick Holden              50     0   4  1  

Last Minutes Offensive
   Center                   Left Wing                Right Wing               Defense                  Defense                  
   Nathan MacKinnon         Gabriel Landeskog        Brayden Point            Tyson Barrie             Dougie Hamilton          

Last Minutes Defensive
   Center                   Left Wing                Right Wing               Defense                  Defense                  
   Lars Eller               Gabriel Landeskog        Brayden Point            Nikita Zadorov           Mark Barberio            

Goaltenders
Starting : Semyon Varlamov          
Backup : Jonathan Bernier         

Extra Forwards
Normal : Alexander Kerfoot, Jason Spezza, Sven Andrighetto - PP : Alexander Kerfoot, Jason Spezza - PK : Sven Andrighetto
Extra Defensemen
Normal : Mark Barberio, Zach Bogosian, Dougie Hamilton - PP : Mark Barberio - PK : Zach Bogosian, Dougie Hamilton
Penalty Shots
Nathan MacKinnon, Gabriel Landeskog, Brayden Point, Matt Duchene, Gustav Nyquist
Custom OT Lines Forwards
Nathan MacKinnon, Gabriel Landeskog, Brayden Point, Matt Duchene, Gustav Nyquist, Alexander Kerfoot, Sven Andrighetto, Lars Eller, Jason Spezza, Jesse Puljujarvi
Custom OT Lines Defensemen
Nikita Zadorov, Tyson Barrie, Dougie Hamilton, Nick Holden, Mark Barberio

Scratches
Kris Versteeg (Healthy), Zack Kassian (Healthy), David Booth (Healthy)

% Time on Ice - Calgary Flames

Lines # - Real PCT - Wanted PCT - Time Play
Normal Forward
1 - 26% - 28% - 11:57
2 - 31% - 24% - 14:23
3 - 25% - 24% - 11:40
4 - 19% - 24% - 8:51
Normal Defense
1 - 35% - 35% - 16:30
2 - 33% - 33% - 15:31
3 - 32% - 32% - 14:50
4 - 0% - 0% - 0:00
PP Forward
1 - 51% - 50% - 6:07
2 - 49% - 50% - 5:47
PP Defense
1 - 52% - 48% - 6:09
2 - 48% - 52% - 5:45
PK Forward
1 - 0% - 50%
2 - 0% - 50%
PK Defense
1 - 0% - 48%
2 - 0% - 52%
PK3 Forward
1 - 0% - 50%
2 - 0% - 50%
PK3 Defense
1 - 0% - 48%
2 - 0% - 52%
44 Forward
1 - 0% - 48%
2 - 0% - 52%
44 Defense
1 - 0% - 48%
2 - 0% - 52%
Last Minute Offensive  - 0:00
Last Minute Defensive  - 1:15
Total
Forward - 60:00
Defense - 60:00

% Time on Ice - Colorado Avalanche

Lines # - Real PCT - Wanted PCT - Time Play
Normal Forward
1 - 26% - 25% - 12:11
2 - 25% - 25% - 11:52
3 - 24% - 25% - 11:26
4 - 25% - 25% - 11:32
Normal Defense
1 - 35% - 33% - 16:28
2 - 33% - 33% - 15:34
3 - 32% - 33% - 14:59
4 - 0% - 1% - 0:00
PP Forward
1 - 0% - 50%
2 - 0% - 50%
PP Defense
1 - 0% - 50%
2 - 0% - 50%
PK Forward
1 - 48% - 50% - 5:44
2 - 52% - 50% - 6:10
PK Defense
1 - 51% - 50% - 6:03
2 - 49% - 50% - 5:51
PK3 Forward
1 - 0% - 50%
2 - 0% - 50%
PK3 Defense
1 - 0% - 50%
2 - 0% - 50%
44 Forward
1 - 0% - 50%
2 - 0% - 50%
44 Defense
1 - 0% - 50%
2 - 0% - 50%
Last Minute Offensive  - 1:05
Last Minute Defensive  - 0:00
Total
Forward - 60:00
Defense - 60:00

Play by Play

1st period


0:01 of 1st period - Sean Monahan wins face-off versus Nathan MacKinnon in neutral zone.
0:28 of 1st period - Slapshot by Micheal Ferland.
0:28 of 1st period - Stopped by Semyon Varlamov without a rebound.
0:29 of 1st period - Matt Duchene wins face-off versus Radek Faksa in Colorado Avalanche zone.
0:36 of 1st period - Snap shot by Alexander Kerfoot.
0:36 of 1st period - Shot Blocked by Adam Pelech.
0:56 of 1st period - Icing by Alex Chiasson.
0:57 of 1st period - Sam Bennett wins face-off versus Jason Spezza in Calgary Flames zone.
3:03 of 1st period - Off-side.
3:04 of 1st period - Jason Spezza wins face-off versus Sean Monahan in neutral zone.
3:48 of 1st period - Wrist shot by Paul Byron.
3:48 of 1st period - Stopped by Semyon Varlamov without a rebound.
3:49 of 1st period - Erik Haula wins face-off versus Matt Duchene in Colorado Avalanche zone.
3:50 of 1st period - Snap shot by Paul Byron.
3:50 of 1st period - Shot Misses the Net.
3:54 of 1st period - Slapshot by Erik Haula.
3:54 of 1st period - Shot Misses the Net.
3:56 of 1st period - Slapshot by Mark Giordano.
3:56 of 1st period - Deflect By Michael Frolik.
3:56 of 1st period - Stopped by Semyon Varlamov without a rebound.
3:57 of 1st period - Sam Bennett wins face-off versus Nathan MacKinnon in Colorado Avalanche zone.
3:58 of 1st period - Snap shot by Johnny Gaudreau.
3:58 of 1st period - Shot Misses the Net.
4:15 of 1st period - Minor Penalty to Nikita Zadorov for Roughing.
4:16 of 1st period - Sean Monahan wins face-off versus Dominic Moore in Colorado Avalanche zone.
6:15 of 1st period - Penalty to Nikita Zadorov is over, Nikita Zadorov is back on ice.
6:19 of 1st period - Alex Chiasson is hit by Nikita Zadorov and loses puck.
7:00 of 1st period - Michael Frolik is hit by Lars Eller and loses puck.
7:23 of 1st period - Icing by Johnny Gaudreau.
7:24 of 1st period - Sean Monahan wins face-off versus Matt Duchene in Calgary Flames zone.
7:59 of 1st period - Brayden Point is hit by Radek Faksa and loses puck.
9:01 of 1st period - Minor Penalty to Zach Bogosian for Hooking.
9:02 of 1st period - Dominic Moore wins face-off versus Erik Haula in Colorado Avalanche zone.
9:45 of 1st period - Erik Haula is hit by Brayden Point.
10:15 of 1st period - Dominic Moore is hit by Colin Miller and loses puck.
11:01 of 1st period - Penalty to Zach Bogosian is over, Zach Bogosian is back on ice.
12:08 of 1st period - Erik Haula is hit by Brayden Point and loses puck.
12:54 of 1st period - TJ Brodie is hit by Jaromir Jagr and loses puck.
13:25 of 1st period - Danton Heinen is hit by Dominic Moore and loses puck.
14:31 of 1st period - Icing by Gabriel Landeskog.
14:32 of 1st period - Jason Spezza wins face-off versus Sean Monahan in Colorado Avalanche zone.
14:37 of 1st period - Snap shot by Jesse Puljujarvi.
14:37 of 1st period - Shot Hit the Post.
14:43 of 1st period - Sean Monahan is hit by Mark Barberio and loses puck.
15:16 of 1st period - Snap shot by Paul Byron.
15:16 of 1st period - Stopped by Semyon Varlamov with a rebound.
15:18 of 1st period - Slapshot by Johnny Gaudreau.
15:18 of 1st period - Stopped by Semyon Varlamov with a rebound.
15:20 of 1st period - Snap shot by Alex Chiasson.
15:20 of 1st period - Deflect By Johnny Gaudreau.
15:20 of 1st period - Shot Misses the Net.
15:20 of 1st period - Puck is out of play.
15:21 of 1st period - Sam Bennett wins face-off versus Dominic Moore in Colorado Avalanche zone.
15:46 of 1st period - Sven Andrighetto is hit by Danton Heinen and loses puck.
16:12 of 1st period - Snap shot by Tyson Barrie.
16:12 of 1st period - Stopped by Mike Smith with a rebound.
16:14 of 1st period - Slapshot by Nathan MacKinnon.
16:14 of 1st period - Shot Blocked by Michael Stone.
16:16 of 1st period - Slapshot by Tyson Barrie.
16:16 of 1st period - Shot Misses the Net.
16:49 of 1st period - Snap shot by Radek Faksa.
16:49 of 1st period - Deflect By Danton Heinen.
16:49 of 1st period - Stopped by Semyon Varlamov with a rebound.
17:07 of 1st period - Sven Andrighetto is hit by Johnny Gaudreau and loses puck.
18:53 of 1st period - Minor Penalty to Mark Barberio for Interference.
18:54 of 1st period - Sean Monahan wins face-off versus Dominic Moore in Colorado Avalanche zone.
19:01 of 1st period - Off-side.
19:02 of 1st period - Sean Monahan wins face-off versus Dominic Moore in neutral zone.
Goals for this period are 0 for Calgary Flames vs 0 for Colorado Avalanche.
Shots for this period are 6 for Calgary Flames vs 1 for Colorado Avalanche.

2nd period


0:01 of 2nd period - Dominic Moore wins face-off versus Erik Haula in neutral zone.
0:12 of 2nd period - Wrist shot by Danton Heinen.
0:12 of 2nd period - Shot Misses the Net.
0:14 of 2nd period - Wrist shot by Colin Miller.
0:14 of 2nd period - Stopped by Semyon Varlamov with a rebound.
0:24 of 2nd period - Sean Monahan is hit by Lars Eller and loses puck.
0:34 of 2nd period - Off-side.
0:35 of 2nd period - Erik Haula wins face-off versus Dominic Moore in neutral zone.
0:38 of 2nd period - Wrist shot by Micheal Ferland.
0:38 of 2nd period - Shot Blocked by Nikita Zadorov.
0:40 of 2nd period - Slapshot by TJ Brodie.
0:40 of 2nd period - Stopped by Semyon Varlamov with a rebound.
0:42 of 2nd period - Slapshot by Danton Heinen.
0:42 of 2nd period - Stopped by Semyon Varlamov without a rebound.
0:43 of 2nd period - Dominic Moore wins face-off versus Erik Haula in Colorado Avalanche zone.
0:47 of 2nd period - Off-side.
0:48 of 2nd period - Dominic Moore wins face-off versus Erik Haula in neutral zone.
0:51 of 2nd period - Snap shot by Dominic Moore.
0:51 of 2nd period - Deflect By Lars Eller.
0:51 of 2nd period - Shot Misses the Net.
0:51 of 2nd period - Puck is out of play.
0:52 of 2nd period - Erik Haula wins face-off versus Dominic Moore in Calgary Flames zone.
0:53 of 2nd period - Penalty to Mark Barberio is over, Mark Barberio is back on ice.
1:32 of 2nd period - Snap shot by Erik Haula.
1:32 of 2nd period - Stopped by Semyon Varlamov without a rebound.
1:33 of 2nd period - Matt Duchene wins face-off versus Sean Monahan in Colorado Avalanche zone.
1:39 of 2nd period - Off-side.
1:40 of 2nd period - Matt Duchene wins face-off versus Sean Monahan in neutral zone.
2:01 of 2nd period - Wrist shot by Reilly Smith.
2:01 of 2nd period - Shot Misses the Net.
2:03 of 2nd period - Wrist shot by Reilly Smith.
2:03 of 2nd period - Stopped by Semyon Varlamov with a rebound.
2:05 of 2nd period - Wrist shot by Sean Monahan.
2:05 of 2nd period - Shot Blocked by Dougie Hamilton.
2:07 of 2nd period - Slapshot by Reilly Smith.
2:07 of 2nd period - Shot Misses the Net.
2:27 of 2nd period - Slapshot by Reilly Smith.
2:27 of 2nd period - Shot Misses the Net.
2:29 of 2nd period - Wrist shot by Reilly Smith.
2:29 of 2nd period - Deflect By Johnny Gaudreau.
2:29 of 2nd period - Shot Misses the Net.
2:29 of 2nd period - Puck is out of play.
2:30 of 2nd period - Radek Faksa wins face-off versus Jason Spezza in Colorado Avalanche zone.
2:54 of 2nd period - Radek Faksa is hit by Gabriel Landeskog and loses puck.
3:01 of 2nd period - Snap shot by Nathan MacKinnon.
3:01 of 2nd period - Shot Misses the Net.
3:03 of 2nd period - Slapshot by Gabriel Landeskog.
3:03 of 2nd period - Deflect By Nathan MacKinnon.
3:03 of 2nd period - Stopped by Mike Smith with a rebound.
3:05 of 2nd period - Slapshot by Brayden Point.
3:05 of 2nd period - Stopped by Mike Smith without a rebound.
3:06 of 2nd period - Erik Haula wins face-off versus Dominic Moore in Calgary Flames zone.
3:53 of 2nd period - Slapshot by Sean Monahan.
3:53 of 2nd period - Stopped by Semyon Varlamov without a rebound.
3:54 of 2nd period - Sean Monahan wins face-off versus Dominic Moore in Colorado Avalanche zone.
4:26 of 2nd period - Slapshot by Lars Eller.
4:26 of 2nd period - Stopped by Mike Smith with a rebound.
4:28 of 2nd period - Slapshot by Tyson Barrie.
4:28 of 2nd period - Stopped by Mike Smith without a rebound.
4:29 of 2nd period - Erik Haula wins face-off versus Nathan MacKinnon in Calgary Flames zone.
4:36 of 2nd period - Snap shot by Brayden Point.
4:36 of 2nd period - Shot Misses the Net.
4:38 of 2nd period - Slapshot by Dougie Hamilton.
4:38 of 2nd period - Shot Misses the Net.
4:46 of 2nd period - Snap shot by Nathan MacKinnon.
4:46 of 2nd period - Stopped by Mike Smith without a rebound.
4:47 of 2nd period - Dominic Moore wins face-off versus Sean Monahan in Calgary Flames zone.
4:50 of 2nd period - Snap shot by Jesse Puljujarvi.
4:50 of 2nd period - Goal by Jesse Puljujarvi - Calgary Flames : 0 - Colorado Avalanche : 1.
4:51 of 2nd period - Sean Monahan wins face-off versus Jaromir Jagr in neutral zone.
4:51 of 2nd period - Sean Monahan is hit by Jesse Puljujarvi.
5:05 of 2nd period - Wrist shot by Reilly Smith.
5:05 of 2nd period - Stopped by Semyon Varlamov without a rebound.
5:06 of 2nd period - Radek Faksa wins face-off versus Jason Spezza in Colorado Avalanche zone.
5:09 of 2nd period - Backhand shot by Danton Heinen.
5:09 of 2nd period - Shot Misses the Net.
5:11 of 2nd period - Wrist shot by Danton Heinen.
5:11 of 2nd period - Stopped by Semyon Varlamov without a rebound.
5:12 of 2nd period - Radek Faksa wins face-off versus Jason Spezza in Colorado Avalanche zone.
5:15 of 2nd period - Snap shot by Danton Heinen.
5:15 of 2nd period - Stopped by Semyon Varlamov without a rebound.
5:16 of 2nd period - Jason Spezza wins face-off versus Radek Faksa in Colorado Avalanche zone.
5:34 of 2nd period - Off-side.
5:35 of 2nd period - Dominic Moore wins face-off versus Sean Monahan in neutral zone.
6:46 of 2nd period - Off-side.
6:47 of 2nd period - Sean Monahan wins face-off versus Nathan MacKinnon in neutral zone.
6:56 of 2nd period - Snap shot by Sean Monahan.
6:56 of 2nd period - Stopped by Semyon Varlamov without a rebound.
6:57 of 2nd period - Dominic Moore wins face-off versus Sean Monahan in Colorado Avalanche zone.
6:57 of 2nd period - Dominic Moore is hit by Johnny Gaudreau.
7:17 of 2nd period - Snap shot by Johnny Gaudreau.
7:17 of 2nd period - Goal by Johnny Gaudreau - Calgary Flames : 1 - Colorado Avalanche : 1.
7:18 of 2nd period - Sam Bennett wins face-off versus Jason Spezza in neutral zone.
7:21 of 2nd period - Nick Holden is hit by Johnny Gaudreau and loses puck.
7:28 of 2nd period - Wrist shot by Sam Bennett.
7:28 of 2nd period - Shot Misses the Net.
7:30 of 2nd period - Wrist shot by Jake Gardiner.
7:30 of 2nd period - Shot Blocked by Zach Bogosian.
7:32 of 2nd period - Slapshot by Alex Chiasson.
7:32 of 2nd period - Stopped by Semyon Varlamov without a rebound.
7:33 of 2nd period - Sean Monahan wins face-off versus Dominic Moore in Colorado Avalanche zone.
7:39 of 2nd period - Minor Penalty to Jesse Puljujarvi for Holding.
7:40 of 2nd period - Erik Haula wins face-off versus Brayden Point in Colorado Avalanche zone.
7:46 of 2nd period - Snap shot by Danton Heinen.
7:46 of 2nd period - Stopped by Semyon Varlamov without a rebound.
7:47 of 2nd period - Brayden Point wins face-off versus Erik Haula in Colorado Avalanche zone.
8:41 of 2nd period - TJ Brodie is hit by Gabriel Landeskog and loses puck.
9:39 of 2nd period - Penalty to Jesse Puljujarvi is over, Jesse Puljujarvi is back on ice.
9:57 of 2nd period - Backhand shot by Gustav Nyquist.
9:57 of 2nd period - Stopped by Mike Smith without a rebound.
9:58 of 2nd period - Sam Bennett wins face-off versus Matt Duchene in Calgary Flames zone.
10:03 of 2nd period - Wrist shot by Sam Bennett.
10:03 of 2nd period - Shot Blocked by Matt Duchene.
10:05 of 2nd period - Snap shot by Alex Chiasson.
10:05 of 2nd period - Stopped by Semyon Varlamov without a rebound.
10:06 of 2nd period - Matt Duchene wins face-off versus Johnny Gaudreau in Colorado Avalanche zone.
10:13 of 2nd period - Icing by Sam Bennett.
10:14 of 2nd period - Jason Spezza wins face-off versus Sam Bennett in Calgary Flames zone.
10:17 of 2nd period - Snap shot by Sven Andrighetto.
10:17 of 2nd period - Stopped by Mike Smith with a rebound.
10:19 of 2nd period - Snap shot by Sven Andrighetto.
10:19 of 2nd period - Stopped by Mike Smith with a rebound.
10:21 of 2nd period - Slapshot by Zach Bogosian.
10:21 of 2nd period - Shot Blocked by Alex Chiasson.
10:23 of 2nd period - Slapshot by Nick Holden.
10:23 of 2nd period - Stopped by Mike Smith without a rebound.
10:24 of 2nd period - Michael Frolik wins face-off versus Jason Spezza in Calgary Flames zone.
10:24 of 2nd period - Michael Frolik is hit by Sven Andrighetto.
10:49 of 2nd period - Snap shot by Jesse Puljujarvi.
10:49 of 2nd period - Deflect By Jaromir Jagr.
10:49 of 2nd period - Stopped by Mike Smith without a rebound.
10:50 of 2nd period - Dominic Moore wins face-off versus Sean Monahan in Calgary Flames zone.
10:51 of 2nd period - Slapshot by Dougie Hamilton.
10:51 of 2nd period - Deflect By Dominic Moore.
10:51 of 2nd period - Shot Misses the Net.
10:51 of 2nd period - Puck is out of play.
10:52 of 2nd period - Dominic Moore wins face-off versus Sean Monahan in Calgary Flames zone.
11:08 of 2nd period - Slapshot by Johnny Gaudreau.
11:08 of 2nd period - Stopped by Semyon Varlamov with a rebound.
11:36 of 2nd period - Wrist shot by Dominic Moore.
11:36 of 2nd period - Shot Blocked by Sean Monahan.
11:48 of 2nd period - Snap shot by Sean Monahan.
11:48 of 2nd period - Shot Blocked by Dougie Hamilton.
11:50 of 2nd period - Wrist shot by Sean Monahan.
11:50 of 2nd period - Goal by Sean Monahan - Calgary Flames : 2 - Colorado Avalanche : 1.
11:51 of 2nd period - Jason Spezza wins face-off versus Erik Haula in neutral zone.
11:54 of 2nd period - Snap shot by Sven Andrighetto.
11:54 of 2nd period - Stopped by Mike Smith without a rebound.
11:55 of 2nd period - Erik Haula wins face-off versus Lars Eller in Calgary Flames zone.
12:18 of 2nd period - Paul Byron is hit by Lars Eller and loses puck.
12:31 of 2nd period - Slapshot by Paul Byron.
12:31 of 2nd period - Stopped by Semyon Varlamov without a rebound.
12:32 of 2nd period - Sam Bennett wins face-off versus Matt Duchene in Colorado Avalanche zone.
12:42 of 2nd period - Backhand shot by Matt Duchene.
12:42 of 2nd period - Deflect By Johnny Gaudreau.
12:42 of 2nd period - Stopped by Mike Smith with a rebound.
12:44 of 2nd period - Snap shot by Zach Bogosian.
12:44 of 2nd period - Stopped by Mike Smith with a rebound.
12:46 of 2nd period - Slapshot by Nick Holden.
12:46 of 2nd period - Stopped by Mike Smith without a rebound.
12:47 of 2nd period - Nathan MacKinnon wins face-off versus Radek Faksa in Calgary Flames zone.
12:54 of 2nd period - Slapshot by Nathan MacKinnon.
12:54 of 2nd period - Stopped by Mike Smith with a rebound.
13:53 of 2nd period - Wrist shot by Erik Haula.
13:53 of 2nd period - Deflect By Michael Frolik.
13:53 of 2nd period - Stopped by Semyon Varlamov with a rebound.
14:11 of 2nd period - Brayden Point is hit by Radek Faksa and loses puck.
14:57 of 2nd period - Jaromir Jagr is hit by Sam Bennett and loses puck.
15:36 of 2nd period - Snap shot by Gabriel Landeskog.
15:36 of 2nd period - Shot Blocked by Johnny Gaudreau.
15:38 of 2nd period - Slapshot by Tyson Barrie.
15:38 of 2nd period - Stopped by Mike Smith with a rebound.
15:51 of 2nd period - Icing by Johnny Gaudreau.
15:52 of 2nd period - Sam Bennett wins face-off versus Matt Duchene in Calgary Flames zone.
15:52 of 2nd period - Sam Bennett is hit by Gustav Nyquist.
15:58 of 2nd period - Snap shot by Erik Haula.
15:58 of 2nd period - Shot Misses the Net.
16:20 of 2nd period - Snap shot by Sean Monahan.
16:20 of 2nd period - Shot Misses the Net.
16:49 of 2nd period - Snap shot by Gustav Nyquist.
16:49 of 2nd period - Shot Misses the Net.
16:51 of 2nd period - Slapshot by Alexander Kerfoot.
16:51 of 2nd period - Stopped by Mike Smith with a rebound.
16:53 of 2nd period - Snap shot by Matt Duchene.
16:53 of 2nd period - Shot Misses the Net.
16:55 of 2nd period - Backhand shot by Mark Barberio.
16:55 of 2nd period - Stopped by Mike Smith with a rebound.
16:57 of 2nd period - Snap shot by Matt Duchene.
16:57 of 2nd period - Stopped by Mike Smith without a rebound.
16:58 of 2nd period - Sam Bennett wins face-off versus Nathan MacKinnon in Calgary Flames zone.
16:58 of 2nd period - Sam Bennett is hit by Zach Bogosian.
17:05 of 2nd period - Minor Penalty to Zach Bogosian for Tripping.
17:06 of 2nd period - Erik Haula wins face-off versus Dominic Moore in Colorado Avalanche zone.
17:19 of 2nd period - Nick Holden is hit by Micheal Ferland and loses puck.
17:32 of 2nd period - Wrist shot by Sean Monahan.
17:32 of 2nd period - Stopped by Semyon Varlamov with a rebound.
17:34 of 2nd period - Slapshot by Mark Giordano.
17:34 of 2nd period - Shot Blocked by Dougie Hamilton.
17:36 of 2nd period - Backhand shot by Sean Monahan.
17:36 of 2nd period - Shot Misses the Net.
17:38 of 2nd period - Slapshot by Sean Monahan.
17:38 of 2nd period - Stopped by Semyon Varlamov without a rebound.
17:39 of 2nd period - Dominic Moore wins face-off versus Erik Haula in Colorado Avalanche zone.
17:39 of 2nd period - Dominic Moore is hit by Erik Haula.
18:03 of 2nd period - Lars Eller is hit by Mark Giordano and loses puck.
19:05 of 2nd period - Penalty to Zach Bogosian is over, Zach Bogosian is back on ice.
19:16 of 2nd period - Johnny Gaudreau is hit by Zach Bogosian and loses puck.
19:37 of 2nd period - Adam Pelech is hit by Mark Barberio and loses puck.
19:58 of 2nd period - Icing by Lars Eller.
19:59 of 2nd period - Sam Bennett wins face-off versus Jason Spezza in Colorado Avalanche zone.
Goals for this period are 2 for Calgary Flames vs 1 for Colorado Avalanche.
Shots for this period are 20 for Calgary Flames vs 20 for Colorado Avalanche.

3rd period


0:01 of 3rd period - Nathan MacKinnon wins face-off versus Sean Monahan in neutral zone.
0:06 of 3rd period - Snap shot by Brayden Point.
0:06 of 3rd period - Shot Misses the Net.
0:39 of 3rd period - Minor Penalty to Jaromir Jagr for Goalie Interference.
0:40 of 3rd period - Dominic Moore wins face-off versus Erik Haula in Colorado Avalanche zone.
0:52 of 3rd period - Slapshot by Danton Heinen.
0:52 of 3rd period - Stopped by Semyon Varlamov with a rebound.
2:39 of 3rd period - Penalty to Jaromir Jagr is over, Jaromir Jagr is back on ice.
2:57 of 3rd period - Snap shot by Matt Duchene.
2:57 of 3rd period - Stopped by Mike Smith with a rebound.
2:59 of 3rd period - Snap shot by Gustav Nyquist.
2:59 of 3rd period - Shot Misses the Net.
3:01 of 3rd period - Snap shot by Nick Holden.
3:01 of 3rd period - Deflect By Gustav Nyquist.
3:01 of 3rd period - Stopped by Mike Smith without a rebound.
3:02 of 3rd period - Radek Faksa wins face-off versus Matt Duchene in Calgary Flames zone.
3:33 of 3rd period - Dougie Hamilton is hit by Erik Haula and loses puck.
5:05 of 3rd period - Wrist shot by Sven Andrighetto.
5:05 of 3rd period - Stopped by Mike Smith with a rebound.
5:07 of 3rd period - Snap shot by Lars Eller.
5:07 of 3rd period - Stopped by Mike Smith with a rebound.
5:09 of 3rd period - Wrist shot by Jason Spezza.
5:09 of 3rd period - Stopped by Mike Smith with a rebound.
5:11 of 3rd period - Snap shot by Zach Bogosian.
5:11 of 3rd period - Deflect By Sven Andrighetto.
5:11 of 3rd period - Stopped by Mike Smith with a rebound.
5:27 of 3rd period - Wrist shot by Gabriel Landeskog.
5:27 of 3rd period - Shot Misses the Net.
5:29 of 3rd period - Snap shot by Brayden Point.
5:29 of 3rd period - Shot Misses the Net.
5:31 of 3rd period - Slapshot by Nick Holden.
5:31 of 3rd period - Stopped by Mike Smith without a rebound.
5:32 of 3rd period - Dominic Moore wins face-off versus Erik Haula in Calgary Flames zone.
5:45 of 3rd period - Wrist shot by Dominic Moore.
5:45 of 3rd period - Deflect By Jaromir Jagr.
5:45 of 3rd period - Stopped by Mike Smith with a rebound.
5:47 of 3rd period - Snap shot by Dominic Moore.
5:47 of 3rd period - Deflect By Michael Frolik.
5:47 of 3rd period - Shot Misses the Net.
5:47 of 3rd period - Puck is out of play.
5:48 of 3rd period - Danton Heinen wins face-off versus Nathan MacKinnon in Calgary Flames zone.
6:21 of 3rd period - Slapshot by Mark Giordano.
6:21 of 3rd period - Stopped by Semyon Varlamov with a rebound.
6:33 of 3rd period - Wrist shot by Lars Eller.
6:33 of 3rd period - Shot Misses the Net.
6:35 of 3rd period - Snap shot by Jason Spezza.
6:35 of 3rd period - Shot Misses the Net.
6:37 of 3rd period - Wrist shot by Sven Andrighetto.
6:37 of 3rd period - Stopped by Mike Smith without a rebound.
6:38 of 3rd period - Jason Spezza wins face-off versus Erik Haula in Calgary Flames zone.
6:39 of 3rd period - Wrist shot by Lars Eller.
6:39 of 3rd period - Stopped by Mike Smith with a rebound.
6:45 of 3rd period - Slapshot by Lars Eller.
6:45 of 3rd period - Shot Misses the Net.
7:09 of 3rd period - Nikita Zadorov is hit by Reilly Smith and loses puck.
7:28 of 3rd period - Wrist shot by Jaromir Jagr.
7:28 of 3rd period - Shot Misses the Net.
8:18 of 3rd period - Icing by Paul Byron.
8:19 of 3rd period - Erik Haula wins face-off versus Nathan MacKinnon in Calgary Flames zone.
8:21 of 3rd period - Icing by Colin Miller.
8:22 of 3rd period - Nathan MacKinnon wins face-off versus Johnny Gaudreau in Calgary Flames zone.
8:31 of 3rd period - Snap shot by Nathan MacKinnon.
8:31 of 3rd period - Stopped by Mike Smith with a rebound.
9:06 of 3rd period - Sven Andrighetto is hit by Erik Haula.
9:28 of 3rd period - Snap shot by Sam Bennett.
9:28 of 3rd period - Deflect By Johnny Gaudreau.
9:28 of 3rd period - Shot Blocked by Alexander Kerfoot.
9:28 of 3rd period - Puck is out of play.
9:29 of 3rd period - Sam Bennett wins face-off versus Dominic Moore in Colorado Avalanche zone.
9:48 of 3rd period - Snap shot by Sam Bennett.
9:48 of 3rd period - Shot Misses the Net.
9:50 of 3rd period - Slapshot by Alex Chiasson.
9:50 of 3rd period - Shot Misses the Net.
10:32 of 3rd period - Snap shot by TJ Brodie.
10:32 of 3rd period - Deflect By Brayden Point.
10:32 of 3rd period - Stopped by Semyon Varlamov without a rebound.
10:33 of 3rd period - Erik Haula wins face-off versus Jason Spezza in Colorado Avalanche zone.
10:38 of 3rd period - Wrist shot by Paul Byron.
10:38 of 3rd period - Deflect By Erik Haula.
10:38 of 3rd period - Shot Misses the Net.
10:38 of 3rd period - Puck is out of play.
10:39 of 3rd period - Erik Haula wins face-off versus Jason Spezza in Colorado Avalanche zone.
10:40 of 3rd period - Wrist shot by Michael Frolik.
10:40 of 3rd period - Shot Misses the Net.
10:51 of 3rd period - Wrist shot by Sven Andrighetto.
10:51 of 3rd period - Stopped by Mike Smith without a rebound.
10:52 of 3rd period - Sean Monahan wins face-off versus Nathan MacKinnon in Calgary Flames zone.
11:24 of 3rd period - Snap shot by Jesse Puljujarvi.
11:24 of 3rd period - Stopped by Mike Smith with a rebound.
11:26 of 3rd period - Wrist shot by Dominic Moore.
11:26 of 3rd period - Stopped by Mike Smith without a rebound.
11:27 of 3rd period - Matt Duchene wins face-off versus Sean Monahan in Calgary Flames zone.
11:40 of 3rd period - Snap shot by Alexander Kerfoot.
11:40 of 3rd period - Stopped by Mike Smith with a rebound.
11:54 of 3rd period - Jaromir Jagr is hit by Micheal Ferland and loses puck.
12:15 of 3rd period - Wrist shot by Erik Haula.
12:15 of 3rd period - Stopped by Semyon Varlamov without a rebound.
12:16 of 3rd period - Erik Haula wins face-off versus Nathan MacKinnon in Colorado Avalanche zone.
12:19 of 3rd period - Wrist shot by Michael Frolik.
12:19 of 3rd period - Stopped by Semyon Varlamov with a rebound.
12:21 of 3rd period - Slapshot by Paul Byron.
12:21 of 3rd period - Shot Misses the Net.
12:27 of 3rd period - Wrist shot by Erik Haula.
12:27 of 3rd period - Stopped by Semyon Varlamov with a rebound.
12:41 of 3rd period - Johnny Gaudreau is hit by Lars Eller and loses puck.
13:08 of 3rd period - Snap shot by Radek Faksa.
13:08 of 3rd period - Shot Misses the Net.
13:10 of 3rd period - Wrist shot by Micheal Ferland.
13:10 of 3rd period - Deflect By Danton Heinen.
13:10 of 3rd period - Stopped by Semyon Varlamov without a rebound.
13:11 of 3rd period - Nathan MacKinnon wins face-off versus Radek Faksa in Colorado Avalanche zone.
13:16 of 3rd period - Snap shot by Gabriel Landeskog.
13:16 of 3rd period - Stopped by Mike Smith with a rebound.
13:18 of 3rd period - Wrist shot by Gabriel Landeskog.
13:18 of 3rd period - Stopped by Mike Smith with a rebound.
13:20 of 3rd period - Wrist shot by Brayden Point.
13:20 of 3rd period - Stopped by Mike Smith without a rebound.
13:21 of 3rd period - Brayden Point wins face-off versus Radek Faksa in Calgary Flames zone.
13:34 of 3rd period - Snap shot by Nathan MacKinnon.
13:34 of 3rd period - Shot Misses the Net.
13:54 of 3rd period - Slapshot by Nathan MacKinnon.
13:54 of 3rd period - Shot Misses the Net.
13:56 of 3rd period - Slapshot by Nathan MacKinnon.
13:56 of 3rd period - Stopped by Mike Smith with a rebound.
13:58 of 3rd period - Slapshot by Nikita Zadorov.
13:58 of 3rd period - Stopped by Mike Smith without a rebound.
13:59 of 3rd period - Dominic Moore wins face-off versus Sam Bennett in Calgary Flames zone.
15:21 of 3rd period - Slapshot by Sean Monahan.
15:21 of 3rd period - Stopped by Semyon Varlamov with a rebound.
15:49 of 3rd period - Snap shot by Dominic Moore.
15:49 of 3rd period - Shot Misses the Net.
17:51 of 3rd period - Wrist shot by Jesse Puljujarvi.
17:51 of 3rd period - Stopped by Mike Smith without a rebound.
17:52 of 3rd period - Dominic Moore wins face-off versus Radek Faksa in Calgary Flames zone.
18:51 of 3rd period - Dougie Hamilton is hit by Radek Faksa.
18:54 of 3rd period - Off-side.
18:55 of 3rd period - Jared Bednar call a timeout for Colorado Avalanche.
18:55 of 3rd period - Gabriel Landeskog wins face-off versus Radek Faksa in neutral zone.
19:00 of 3rd period - Colorado Avalanche, Semyon Varlamov is pulled from the net.
19:12 of 3rd period - Wrist shot by Gabriel Landeskog.
19:12 of 3rd period - Stopped by Mike Smith without a rebound.
19:13 of 3rd period - Nathan MacKinnon wins face-off versus Radek Faksa in Calgary Flames zone.
19:18 of 3rd period - Snap shot by Nathan MacKinnon.
19:18 of 3rd period - Shot Blocked by Mark Giordano.
19:20 of 3rd period - Wrist shot by Tyson Barrie.
19:20 of 3rd period - Deflect By Nathan MacKinnon.
19:20 of 3rd period - Stopped by Mike Smith with a rebound.
19:22 of 3rd period - Snap shot by Gabriel Landeskog.
19:22 of 3rd period - Deflect By Nathan MacKinnon.
19:22 of 3rd period - Stopped by Mike Smith without a rebound.
19:23 of 3rd period - Radek Faksa wins face-off versus Nathan MacKinnon in Calgary Flames zone.
19:52 of 3rd period - Radek Faksa is hit by Gabriel Landeskog and loses puck.
19:59 of 3rd period - Slapshot by Gabriel Landeskog.
19:59 of 3rd period - Deflect By Nathan MacKinnon.
19:59 of 3rd period - Stopped by Mike Smith with a rebound.
Goals for this period are 0 for Calgary Flames vs 0 for Colorado Avalanche.
Shots for this period are 8 for Calgary Flames vs 25 for Colorado Avalanche.